 Dungeon Crawl Stone Soup version 0.26.1-11-gd32895ea62 (webtiles) character file.

Game seed: 2598109825566994247

6044 eagelman13508 the Basher (level 10, 0/88 HPs)
             Began as a Troll Berserker on June 13, 2021.
             Was a High Priest of Trog.
             Killed by divine providence
             ... invoked by an orc priest
              (9 damage)
             ... on level 9 of the Dungeon.
             The game lasted 00:52:01 (9466 turns).

eagelman13508 the Basher (Troll Berserker)          Turns: 9466, Time: 00:52:04

Health: 0/88       AC:  8    Str: 32    XL:     10   Next: 57%
Magic:  18/18      EV: 11    Int:  3    God:    Trog [*****.]
Gold:   556        SH:  0    Dex:  9    Spells: 9/9 levels left

rFire    + . .     SeeInvis .   h - +0 flail (vorpal)
rCold    . . .     Faith    .   (no shield)
rNeg     . . .     Spirit   .   b - +0 animal skin
rPois    .         Reflect  .   (helmet restricted)
rElec    .         Harm     .   F - scarf {repulsion}
rCorr    .         Rampage  .   (gloves unavailable)
Will     .....     Rnd*Tele +   (boots unavailable)
Stlth    +.........             (no amulet)
HPRegen  0.64/turn              s - ring of magical power
MPRegen  0.16/turn              p - ring of protection from fire

@: berserk cooldown, slowed, repel missiles, very slow
A: large, unfitting armour, claws 3, iridescent scales 1, regeneration 1, shaggy
fur 1, strong 1, teleportitis 1, tough skin 3, wild magic 1
a: Renounce Religion, Berserk, Trog's Hand, Brothers in Arms


You were on level 9 of the Dungeon.
You worshipped Trog.
Trog was extremely pleased with you.
You visited 1 branch of the dungeon, and saw 9 of its levels.
You also visited: Sewer.

You collected 556 gold pieces.

Inventory:

Hand Weapons
 a - a +0 mace
 h - a +0 vorpal flail (weapon)
 A - a +0 giant spiked club
 H - a +2 antimagic giant club
 I - the +5 scythe "Finisher" {speed, eviscerate}
   (You found it on level 8 of the Dungeon)

   Attacks with this weapon are significantly faster.
Missiles
 i - 355 stones
 m - 12 boomerangs
 r - 30 poisoned darts
 C - 4 atropa-tipped darts
 J - 6 javelins
Armour
 b - a +0 animal skin (worn)
 F - a scarf of repulsion (worn)
Jewellery
 l - an uncursed ring of flight
 p - a ring of protection from fire (right claw)
 s - a ring of magical power (left claw)
 t - an uncursed ring of magical power
 w - an uncursed ring of magical power
Wands
 n - a wand of iceblast (13)
Scrolls
 c - 4 scrolls of remove curse
 d - 3 scrolls of enchant weapon
 f - 8 scrolls of identify
 g - a scroll of teleportation {unknown}
 y - 2 scrolls of enchant armour {unknown}
 D - 2 scrolls of magic mapping
 E - 2 scrolls of fog {unknown}
 G - a scroll of immolation {unknown}
Potions
 e - 7 potions of curing
 j - 2 potions of attraction
 k - a potion of might {unknown}
 o - 5 potions of flight {unknown}
 q - a potion of brilliance
 u - 3 potions of haste {unknown}
 v - 3 potions of degeneration {unknown}
 x - a potion of magic {unknown}
 z - 2 potions of lignification {unknown}
 B - 2 potions of heal wounds {unknown}


   Skills:
 - Level 2.6 Fighting
 + Level 14.0 Maces & Flails
 - Level 3.4 Dodging


You had 9 spell levels left.
You didn't know any spells.
Your spell library was empty.

Dungeon Overview and Level Annotations

Branches:
Dungeon (9/15)             Temple (0/1) D:6             Orc (0/2) D:9
  Sewer (visited)
   Lair: D:8-11

Altars:
Ru
The Shining One
Beogh

Shops:
D:5 *


Innate Abilities, Weirdness & Mutations

You are too large for most types of armour.
You have claws for hands.
Your natural rate of healing is unusually fast.
You are covered in fur. (AC +1)
You have extremely tough skin. (AC +3)
You are partially covered in iridescent scales. (AC +2)
Your muscles are strong. (Str +2)
You are occasionally teleported next to monsters.
Your spells are a little harder to cast, but a little more powerful.


Message History

The orc hits you with a +0 mace.
* * * LOW HITPOINT WARNING * * *
The orc closely misses you.
You closely miss the orc.
The orc priest hits you but does no damage.
Your ogre barely misses the orc.
The orc priest mumbles some strange prayers to Beogh against you.
Beogh smites you!
* * * LOW HITPOINT WARNING * * *
The orc hits you but does no damage. x2
The orc priest hits you with a +0 short sword.
* * * LOW HITPOINT WARNING * * *
You sock the orc!
You kill the orc!
Trog accepts your kill. The orc priest closely misses you.
The orc priest hits you but does no damage.
The orc priest calls down the wrath of Beogh upon you.
Beogh smites you!
You die...

#######....... #...####
#...# #...# .#
##...###########..#
..................#
...................
######..###O###### #..#
#@Y# #..#..ooo.....
#..###8Y8#####
###########..##oooooo
..............#.oooo..
..............#...⌠.._..
..............#.........
.............)#......>..
..............##


You could see 2 yaks, 3 orc priests, 10 orcs and a friendly ogre (summoned,
berserk).

Vanquished Creatures
  Grinder (D:3)
  5 wraiths (D:8)
  A yak (D:9)
  Eustachio (D:4)
  Duvessa (D:6)
  A water moccasin (D:9)
  6 orc warriors
  3 sky beasts
  3 phantoms
  4 ice beasts
  4 ogres
  3 centaurs
  Blork the orc (D:4)
  5 bullfrogs
  A wyvern skeleton (D:8)
  A scorpion (D:8)
  Dowan (D:6)
  4 wights (D:9)
  An electric eel (D:7)
  6 howler monkeys
  2 hounds
  Crazy Yiuf (D:6)
  4 orc priests
  7 orc wizards
  3 centaur skeletons
  Natasha (twice) (D:2)
  6 worker ants
  A killer bee zombie (D:7)
  A hound zombie (D:8)
  A worker ant zombie (D:7)
  14 gnolls
  17 adders
  2 river rats (D:5)
  A white imp (D:7)
  2 ufetubi
  12 oozes
  An adder skeleton (D:7)
  4 worms
  A dart slug (D:1)
  13 leopard geckos
  38 orcs
  8 ball pythons
  7 bats
  21 giant cockroaches
  7 goblins
  5 hobgoblins
  11 jackals
  6 quokkas
  A ball python skeleton (D:2)
  16 frilled lizards
  A jackal skeleton (D:5)
  10 kobolds
  7 rats
286 creatures vanquished.

Notes
Turn   | Place    | Note
-------+----------+-------------------------------------------
     0 | D:1      | eagelman13508 the Troll Berserker began the quest for the
                  | Orb.
     0 | D:1      | Reached XP level 1. HP: 22/22 MP: 0/0
   549 | D:1      | Reached XP level 2. HP: 29/29 MP: 1/1
   854 | D:2      | Reached XP level 3. HP: 36/36 MP: 2/2
   938 | D:2      | Reached skill level 3 in Maces & Flails
  1036 | D:2      | Reached ** piety under Trog
  1194 | D:2      | Gained mutation: You are partially covered in thin metallic
                  | scales. (AC +2) [potion of mutation]
  1194 | D:2      | Gained mutation: You tend to lose your temper in combat.
                  | [potion of mutation]
  1194 | D:2      | Gained mutation: You are clumsy. (Dex -2) [potion of
                  | mutation]
  1194 | D:2      | Lost mutation: You tend to lose your temper in combat.
                  | [potion of mutation]
  1208 | D:2      | Reached XP level 4. HP: 16/41 MP: 3/3
  1237 | D:2      | Lost mutation: You are partially covered in thin metallic
                  | scales. (AC +2) [potion of mutation]
  1237 | D:2      | Gained mutation: You are occasionally teleported next to
                  | monsters. [potion of mutation]
  1237 | D:2      | Gained mutation: Your muscles are strong. (Str +2) [potion
                  | of mutation]
  1237 | D:2      | Gained mutation: You have an increased reservoir of magic.
                  | (+10% MP) [potion of mutation]
  1237 | D:2      | Gained mutation: You expend magic power (3 MP) to
                  | strengthen your wands. [potion of mutation]
  1326 | D:2      | Noticed Natasha
  1329 | D:2      | Killed Natasha
  1676 | D:2      | Noticed Natasha
  1689 | D:2      | Killed Natasha
  1690 | D:2      | Reached skill level 4 in Maces & Flails
  1924 | D:3      | Noticed Grinder
  1952 | D:3      | HP: 2/44 [Grinder (3)]
  1958 | D:3      | Paralysed by Grinder for 7 turns
  1960 | D:3      | HP: 2/44 [Grinder (5)]
  1968 | D:3      | Killed Grinder
  1969 | D:3      | Reached skill level 5 in Maces & Flails
  1969 | D:3      | Reached XP level 5. HP: 7/50 MP: 4/4
  1969 | D:3      | Reached XP level 6. HP: 8/59 MP: 5/5
  2302 | D:3      | Found a glowing golden altar of the Shining One.
  2328 | D:3      | Found a sacrificial altar of Ru.
  3003 | D:4      | Noticed Blork the orc
  3017 | D:4      | Killed Blork the orc
  3018 | D:4      | Reached skill level 6 in Maces & Flails
  3228 | D:4      | Noticed Eustachio
  3233 | D:4      | Killed Eustachio
  3234 | D:4      | Reached skill level 7 in Maces & Flails
  3234 | D:4      | Reached XP level 7. HP: 66/66 MP: 6/6
  3433 | D:4      | You fall into a shaft and drop 3 floors!
  3510 | D:7      | Reached skill level 8 in Maces & Flails
  3568 | D:7      | Reached XP level 8. HP: 22/74 MP: 7/7
  3864 | D:7      | Reached *** piety under Trog
  3875 | D:7      | Reached skill level 9 in Maces & Flails
  3995 | D:6      | Found a staircase to the Ecumenical Temple.
  4008 | D:5      | Entered Level 5 of the Dungeon
  4124 | D:5      | Reached skill level 10 in Maces & Flails
  4246 | D:5      | Found Ynkiawy's Assorted Antiques.
  4418 | D:5      | Found a glowing drain.
  4429 | Sewer    | Entered a sewer
  4561 | Sewer    | Reached **** piety under Trog
  4845 | D:5      | Reached XP level 9. HP: 67/80 MP: 8/8
  5382 | D:4      | Lost mutation: You are clumsy. (Dex -2) [potion of
                  | mutation]
  5382 | D:4      | Lost mutation: You expend magic power (3 MP) to strengthen
                  | your wands. [potion of mutation]
  5382 | D:4      | Lost mutation: You have an increased reservoir of magic.
                  | (+10% MP) [potion of mutation]
  5382 | D:4      | Gained mutation: Your spells are a little harder to cast,
                  | but a little more powerful. [potion of mutation]
  5382 | D:4      | Gained mutation: You are partially covered in iridescent
                  | scales. (AC +2) [potion of mutation]
  5903 | D:6      | Reached skill level 11 in Maces & Flails
  6079 | D:6      | Reached ***** piety under Trog
  6469 | D:6      | Noticed Duvessa
  6470 | D:6      | Noticed Dowan
  6483 | D:6      | Killed Dowan
  6484 | D:6      | Killed Duvessa
  6672 | D:6      | Found a runed translucent door.
  6673 | D:6      | Noticed Crazy Yiuf
  6687 | D:6      | Killed Crazy Yiuf
  7265 | D:7      | Reached skill level 12 in Maces & Flails
  7483 | D:7      | Received a gift from Trog
  7954 | D:8      | Reached XP level 10. HP: 35/88 MP: 9/9
  8015 | D:8      | Found the +5 scythe "Finisher" {speed, eviscerate}
  8363 | D:8      | Reached skill level 13 in Maces & Flails
  9428 | D:9      | Found a roughly hewn altar of Beogh.
  9436 | D:9      | Found a staircase to the Orcish Mines.
  9462 | D:9      | Reached skill level 14 in Maces & Flails
  9466 | D:9      | Killed from afar by an orc priest

Illustrated notes

Levels and vault maps discovered:
D:1:      onia_arrival_mini_spirals, layout_loops_ring
D:2:      layout_basic, uniq_natasha
D:3:      layout_loops_ring, nicolae_ru_sacrificial_ziggurat,
          roderic_nine_men_s_morris, tso_metal_star, uniq_grinder
D:4:      layout_loops_corners, uniq_eustachio, uniq_blork_the_orc
D:5:      layout_cave_pools, serial_shops, shop, gup_sewer_entry_bubbles,
          serial_park_tiny_2
D:6:      layout_gridville, minmay_temple_entry_statues_fountains,
          hangedman_glass_teeth, uniq_duvessa, uniq_crazy_yiuf_cottage
D:7:      cheibrodos_helix_gallery, layout_gridville
D:8:      layout_gridville, grunt_ministairs_9, minmay_guarded_unrand_finisher
D:9:      layout_long_grid, david_orc_5, serial_shops,
          nicolae_shop_window_shopping, minivault_11, minmay_librarian

Skill      XL: |  1  2  3  4  5  6  7  8  9 10 |
---------------+-------------------------------+-----
Dodging        | 3 |  3.4
Maces & Flails | 3 5 7 8 10 12 14 | 14.0
Fighting       | |  2.6

Action                   |  1- 3 |  4- 6 |  7- 9 | 10-12 || total
-------------------------+-------+-------+-------+-------++-------
Melee: Mace              |   131 |    42 |       |       ||   173
       Flail             |       |   105 |   604 |   216 ||   925
       Unarmed           |       |     1 |       |       ||     1
Invok: Trog's Hand       |     1 |     2 |       |       ||     3
       Berserk           |       |     3 |     5 |     1 ||     9
       Brothers in Arms  |       |       |       |     1 ||     1
  Use: Potion            |     4 |     1 |     1 |       ||     6
       Scroll            |       |       |     8 |       ||     8
 Stab: Distracted        |     1 |       |       |       ||     1
Armor: Animal skin       |    62 |    57 |   171 |    70 ||   360
Dodge: Dodged            |    96 |    98 |   291 |   122 ||   607
